 Dungeon Sprint DCSS version 0.27-a0-887-gcab673c142 (webtiles) character file.

Game seed: 610221708171130750

2926 howech the Thaumaturge (level 9, -5/66 HPs)
             Began as a Gnoll Fire Elementalist on Apr 4, 2021.
             Was a High Priest of Okawaru.
             Slain by a vault guard
             ... wielding a +0 great sword
              (12 damage)
             ... in the Dungeon (Sprint V: "Ziggurat Sprint").
             The game lasted 00:05:24 (567 turns).

howech the Thaumaturge (Gnoll Fire Elementalist)     Turns: 567, Time: 00:05:25

Health: -5/66      AC: 13    Str:  7    XL:     9   Next: 79%
Magic:  20/22      EV:  5    Int: 17    God:    Okawaru [*****.]
Gold:   0          SH: 29    Dex: 12    Spells: 21/27 levels left

rFire    + + .     SeeInvis .   a - +7 Screaming Sword {vorpal, sonic wave}
rCold    x . .     Faith    .   D - +18 shield of the Gong {rElec rN+ Will+ EV-5}
rNeg     + . .     Spirit   .   b - +5 fire dragon scales
rPois    .         Reflect  .   (no helmet)
rElec    +         Harm     .   (no cloak)
rCorr    .         Rampage  .   (no gloves)
Will     +....     Rnd*Rage +   (no boots) Stlth ++++......NoTele +
                                (no amulet)
HPRegen  0.21/turn              (no ring)
MPRegen  0.18/turn              (no ring)

@: heroic, corroded
A: fangs 1, strong nose, distributed training, berserk 1, dopey 1, frail 1
a: Renounce Religion, Heroism, Finesse


You were in the Dungeon.
You worshipped Okawaru.
Okawaru was extremely pleased with you.
You visited 1 branch

Inventory:

Hand Weapons
 a - the +7 Screaming Sword (weapon) {vorpal, sonic wave}
   (You found it in the Dungeon)

   It inflicts extra damage upon your enemies.
 E - the +12 glaive of Prune {vorpal}
   (You found it in the Dungeon)

   It inflicts extra damage upon your enemies.
Missiles
 j - 7 atropa-tipped darts
Armour
 b - +5 fire dragon scales (worn)
 D - the +18 shield of the Gong (worn) {rElec rN+ Will+ EV-5}
   (You found it in the Dungeon)

   It affects your evasion (-5).
   It insulates you from electricity.
   It protects you from negative energy.
   It increases your willpower.
Magical Staves
 G - a staff of fire
Jewellery
 v - a ring of flight
 w - a +6 ring of dexterity
 x - a +6 ring of dexterity
 y - a +6 ring of intelligence
 z - a +6 ring of intelligence
 A - a +6 ring of strength
 B - a +6 ring of strength
 F - an amulet of faith
 H - the ring "Buqayfog" {rF++ rN+ Slay+2}
   (You found it in the Dungeon)

   [ring of positive energy]

   It affects your accuracy and damage with ranged weapons and melee attacks
   (+2).
   It greatly protects you from fire.
   It protects you from negative energy.
Wands
 s - a wand of mindburst (7)
 t - a wand of iceblast (7)
 u - a wand of acid (7)
Scrolls
 h - 4 scrolls of blinking
 n - 4 scrolls of amnesia
 o - 7 scrolls of fog
 p - a scroll of holy word
 q - 5 scrolls of identify
 r - 2 scrolls of fear
 I - 4 scrolls of enchant weapon
Potions
 c - 10 potions of curing
 d - 10 potions of heal wounds
 e - 4 potions of haste
 f - 7 potions of magic
 g - 3 potions of berserk rage
 i - 2 potions of brilliance
 k - 4 potions of resistance
 l - a potion of experience
 m - 5 potions of might
Miscellaneous
 C - a lightning rod (4/4)


   Skills:
 + Level 8.1(13.1) Fighting
 + Level 8.1(13.1) Short Blades
 + Level 8.1(13.1) Long Blades
 + Level 8.1(13.1) Axes
 + Level 8.1(13.1) Maces & Flails
 + Level 8.1(13.1) Polearms
 + Level 8.1(13.1) Staves
 + Level 8.1(13.1) Slings
 + Level 8.1(13.1) Bows
 + Level 8.1(13.1) Crossbows
 + Level 8.1(13.1) Throwing
 + Level 8.1(13.1) Armour
 + Level 9.4(14.4) Dodging
 + Level 9.2(14.2) Stealth
 + Level 8.1(13.1) Shields
 + Level 8.1(13.1) Unarmed Combat
 + Level 9.6 Spellcasting
 + Level 7.1 Conjurations
 + Level 6.7 Hexes
 + Level 6.7 Summonings
 + Level 6.7 Necromancy
 + Level 6.7 Translocations
 + Level 6.7 Transmutations
 + Level 8.8 Fire Magic
 + Level 6.7 Ice Magic
 + Level 6.7 Air Magic
 + Level 6.7 Earth Magic
 + Level 6.7 Poison Magic
 + Level 8.9 Invocations
 + Level 8.1 Evocations


You had 21 spell levels left.
You knew the following spells:

 Your Spells              Type           Power      Damage    Failure   Level
a - Foxfire               Conj/Fire      100%       2x1d9     4%          1
b - Fireball              Conj/Fire      17%        3d9       73%         5

Your spell library contained the following spells:

 Spells                   Type           Power      Damage    Failure   Level
 Magic Dart               Conj           100%       1d8       5%          1
 Apportation              Tloc           62%        N/A       6%          1
 Beastly Appendage        Tmut           62%        N/A       6%          1
 Shock                    Conj/Air       100%       1d9       6%          1
 Sting                    Tmut/Pois      100%       1d8       6%          1
 Summon Small Mammal      Summ           100%       N/A       6%          1
 Searing Ray              Conj           64%        3d5       9%          2
 Corpse Rot               Necr/Air       N/A        N/A       10%         2
 Ensorcelled Hibernation  Hex/Ice        62%        N/A       10%         2
 Passwall                 Tmut/Erth      25%        N/A       10%         2
 Swiftness                Air            31%        N/A       10%         2
 Conjure Flame            Conj/Fire      35%        6-21      12%         3
 Inner Flame              Hex/Fire       34%        N/A       13%         3
 Dazzling Flash           Conj/Hex       62%        N/A       19%         3
 Static Discharge         Conj/Air       31%        N/A       19%         3
 Sticky Flame             Conj/Fire      35%        2d5       36%         4
 Fulminant Prism          Conj/Hex       15%        3d11      52%         4
 Iskenderun's Mystic Bla  Conj/Tloc      31%        2d8       52%         4
 Airstrike                Air            15%        N/A       54%         4
 Animate Armour           Summ/Erth      62%        N/A       54%         4
 Olgreb's Toxic Radiance  Pois           31%        N/A       54%         4
 Lightning Bolt           Conj/Air       15%        1d29      86%         5
 Borgnjor's Vile Clutch   Necr/Erth      15%        N/A       87%         5
 Manifold Assault         Tloc           31%        N/A       87%         5
 Silence                  Hex/Air        15%        N/A       87%         5
 Blade Hands              Tmut           15%        N/A       100%        6
 Eringya's Noxious Bog    Tmut/Pois      15%        N/A       100%        6
 Shadow Creatures         Summ           N/A        N/A       100%        6
 Chain Lightning          Conj/Air       15%        N/A       100%        8
 Disjunction              Tloc           15%        N/A       100%        8
 Lehudib's Crystal Spear  Conj/Erth      15%        10d5      100%        8
 Absolute Zero            Ice            15%        ∞         100%        9
 Fire Storm               Conj/Fire      17%        8d5       100%        9
 Tornado                  Air            15%        N/A       100%        9


Dungeon Overview and Level Annotations

Branches:
Dungeon (1/1)

Altars:
Ashenzari
Cheibriados
Dithmenos
Elyvilon
Fedhas
Gozag
Hepliaklqana
Kikubaaqudgha
Makhleb
Nemelex Xobeh
Okawaru
Qazlal
Ru
Sif Muna
Trog
Uskayaw
Vehumet
Wu Jian
Xom
Yredelemnul
Zin
The Shining One
Beogh
Jiyva
Lugonu

Annotations:
D 1 transporter


Innate Abilities, Weirdness & Mutations

You have very sharp teeth.
Your uncanny sense of smell can sniff out nearby items.
Your experience applies equally to all skills.
You tend to lose your temper in combat.
You are dopey. (Int -2)
You are frail. (-10% HP)


Message History

You block the bolt.
Cast which spell? (? or * to list)
Okay, then.
Unknown command.
The entropy weaver hits you but does no damage.
You block the entropy weaver's attack.
BOUMMMMG!
You block the entropy weaver's attack.
BOUMMMMG!
The entropy weaver completely misses you.
The vault guard hits you but does no damage.
You block the entropy weaver's attack.
GONNNNG!
The entropy weaver hits you. You block the entropy weaver's attack.
BONNNG!
The entropy weaver hits you!
The vault guard hits you with a +1 great mace of protection!
The entropy weaver hits you! You block the entropy weaver's attack.
PTOANNNG!
You block the entropy weaver's attack.
PTOANNNG!
The entropy weaver hits you.
The vault guard hits you but does no damage.
You hit the vault guard.
The vault guard is lightly wounded.
You block the entropy weaver's attack.
GONNNNG!
The entropy weaver hits you! The entropy weaver hits you.
The entropy weaver hits you but does no damage.
You block the ironbound frostheart's attack.
PANG!
The entropy weaver hits you.
* * * LOW HITPOINT WARNING * * *
The entropy weaver hits you but does no damage.
The entropy weaver closely misses you. The entropy weaver hits you!
* * * LOW HITPOINT WARNING * * *
You block the vault guard's attack.
PANG!
The vault guard hits you with a +0 great sword!
You die...

∆∆
▓.▓....▓.▓.▓....▓.▓
∆∆
▓...©....▓...©....▓
▓▓▓▓▓▓▓▓▓▓▓▓▓▓▓▓▓▓▓
▓...8©8...▓..8©8..▓
▓..):[[...▓...)...▓
▓...))[...▓...[}..▓
▓....c....▓.......▓
▓...Bpc...▓..)))..▓
▓...p@p...▓..).)..▓
▓...B.....▓..)....▓
▓.▓.....▓.▓.▓...▓.▓
▓....©....▓...©...▓
▓▓▓▓▓▓▓▓▓▓▓▓▓▓▓▓▓▓▓
▓..8©8..▓ ∆∆∆∆∆
▓..))...▓ ∆∆∆
▓..:|...▓ ▓.......▓


You could see a yaktaur captain, 2 vault guards, 2 entropy weavers, an ironbound
frostheart and a yaktaur.

Vanquished Creatures
  A deep elf pyromancer (D)
  A shining eye (D)
  A raiju (shapeshifter) (D)
  A spriggan (D)
  A water elemental (D)
  2 yaks (D)
  A golden eye (D)
  A hog (shapeshifter) (D)
  3 neqoxecs (D)
  4 black bears (D)
  An orc warrior (D)
  A bullfrog (D)
  A quasit (D)
  An orc priest (D)
  An iron imp (D)
  An iguana (D)
  An orc wizard (D)
  A white imp (D)
  An ufetubus (D)
  3 orcs (D)
  2 endoplasms (D)
30 creatures vanquished.

Notes
Turn   | Place    | Note
-------+----------+-------------------------------------------
     0 | D        | howech the Gnoll Fire Elementalist began the quest for the
                  | Orb.
     0 | D        | Reached XP level 1. HP: 13/13 MP: 6/6
     3 | D        | Banished a spatial maelstrom
    12 | D        | Found a blossoming altar of Fedhas.
    13 | D        | Found the +6 Majin-Bo {vamp, MP+6 Int+6}
    13 | D        | Found the +9 heavy crossbow "Sniper" {vorpal, Acc+∞ SInv}
    13 | D        | Found the +10 dark maul {vorpal}
    13 | D        | Found the +15 Maxwell's patent armour {-Cast -Tele rElec
                  | Will+ rCorr}
    13 | D        | Found the +18 shield of the Gong {rElec rN+ Will+ EV-5}
    13 | D        | Found the +14 obsidian axe {vorpal, Drain Fly SInv}
    13 | D        | Found the +7 great mace "Firestarter" {inner flame, rF++}
    13 | D        | Found the +6 shillelagh "Devastator" {shatter}
    13 | D        | Found the +11 plutonium sword {Contam Stlth-}
    13 | D        | Found the +8 lance "Wyrmbane" {slay drac, rPois rF+ rC+
                  | AC+3}
    13 | D        | Found the +9 sword of Zonguldrok {reap}
    13 | D        | Found the +13 scythe of Curses {drain, Drain}
    13 | D        | Found the +5 sword of Power {vorpal}
    13 | D        | Found the +7 mace of Variability {chain chaos}
    13 | D        | Found the +7 Singing Sword {vorpal, sonic wave}
    13 | D        | Found the +8 storm bow {elec, penet}
    14 | D        | Found a shimmering blue altar of Sif Muna.
    14 | D        | Found a sacrificial altar of Ru.
    14 | D        | Found a bloodstained altar of Trog.
    14 | D        | Found a stormy altar of Qazlal.
    14 | D        | Found an iron altar of Okawaru.
    14 | D        | Found a sparkling altar of Nemelex Xobeh.
    16 | D        | Found a transporter.
    16 | D        | Found an ancient bone altar of Kikubaaqudgha.
    16 | D        | Found a viscous altar of Jiyva.
    16 | D        | Found a corrupted altar of Lugonu.
    16 | D        | Found a hazy altar of Hepliaklqana.
    16 | D        | Found a burning altar of Makhleb.
    16 | D        | Found an opulent altar of Gozag.
    20 | D        | Banished a spatial maelstrom
    43 | D        | Became a worshipper of Warmaster Okawaru
    53 | D        | Entered arena 2.
    53 | D        | Noticed a water elemental
    53 | D        | Noticed a deep elf pyromancer
    53 | D        | Found a transporter.
    57 | D        | Killed a deep elf pyromancer
    57 | D        | Reached * piety under Okawaru
    57 | D        | Reached ** piety under Okawaru
    57 | D        | Reached *** piety under Okawaru
    58 | D        | Reached skill level 5 in Fighting
    58 | D        | Reached skill level 5 in Short Blades
    58 | D        | Reached skill level 5 in Long Blades
    58 | D        | Reached skill level 5 in Axes
    58 | D        | Reached skill level 5 in Maces & Flails
    58 | D        | Reached skill level 5 in Polearms
    58 | D        | Reached skill level 5 in Staves
    58 | D        | Reached skill level 5 in Slings
    58 | D        | Reached skill level 5 in Bows
    58 | D        | Reached skill level 5 in Crossbows
    58 | D        | Reached skill level 5 in Throwing
    58 | D        | Reached skill level 5 in Armour
    58 | D        | Reached skill level 5 in Shields
    58 | D        | Reached skill level 5 in Unarmed Combat
    58 | D        | Reached skill level 5 in Invocations
    58 | D        | Reached skill level 5 in Evocations
    58 | D        | Reached XP level 2. HP: 27/27 MP: 7/10
    58 | D        | Reached XP level 3. HP: 33/33 MP: 7/11
    58 | D        | Reached XP level 4. HP: 39/39 MP: 8/13
    58 | D        | Reached XP level 5. HP: 44/44 MP: 8/14
    58 | D        | Reached XP level 6. HP: 51/51 MP: 9/16
    59 | D        | Killed a water elemental
    60 | D        | Reached skill level 5 in Conjurations
    60 | D        | Reached XP level 7. HP: 56/56 MP: 10/18
    67 | D        | Entered arena 3.
    67 | D        | Noticed a golden eye
    67 | D        | Found a transporter.
    68 | D        | Found the +12 glaive of Prune {vorpal}
    73 | D        | Killed a golden eye
    82 | D        | Got the Handbook of Flying Toxins
    90 | D        | Learned a level 5 spell: Fireball
   118 | D        | Entered arena 4.
   118 | D        | Found a transporter.
   138 | D        | Entered arena 5.
   138 | D        | Noticed a yak
   138 | D        | Noticed a yak
   138 | D        | Found a transporter.
   142 | D        | Reached **** piety under Okawaru
   143 | D        | Reached skill level 5 in Hexes
   143 | D        | Reached skill level 5 in Summonings
   143 | D        | Reached skill level 5 in Necromancy
   143 | D        | Reached skill level 5 in Translocations
   143 | D        | Reached skill level 5 in Transmutations
   143 | D        | Reached skill level 5 in Ice Magic
   143 | D        | Reached skill level 5 in Air Magic
   143 | D        | Reached skill level 5 in Earth Magic
   143 | D        | Reached skill level 5 in Poison Magic
   143 | D        | Killed a yak
   144 | D        | Reached XP level 8. HP: 61/64 MP: 20/20
   147 | D        | Killed a yak
   147 | D        | Received a gift from Okawaru
   152 | D        | Got Sif Muna's Collected Works on Displacement
   154 | D        | Got the Grimoire of Shape Shifting and Summoning
   157 | D        | Entered arena 6.
   157 | D        | Noticed a spriggan
   157 | D        | Found a transporter.
   163 | D        | Killed a spriggan
   166 | D        | Received a gift from Okawaru
   167 | D        | Reached XP level 9. HP: 60/72 MP: 21/21
   219 | D        | Entered arena 7.
   220 | D        | Identified the +7 rapier of the Water Diviner {antimagic,
                  | rPois}
   220 | D        | Found a transporter.
   439 | D        | Entered arena 8.
   439 | D        | Noticed a shining eye
   440 | D        | Found a transporter.
   444 | D        | Gained mutation: You are dopey. (Int -2) [a neqoxec]
   444 | D        | Gained mutation: You tend to lose your temper in combat. [a
                  | neqoxec]
   446 | D        | Gained mutation: You are frail. (-10% HP) [a neqoxec]
   447 | D        | Killed a shining eye
   447 | D        | Reached ***** piety under Okawaru
   447 | D        | Received a gift from Okawaru
   452 | D        | Got the ring "Buqayfog" {rF++ rN+ Slay+2}
   562 | D        | Entered arena 9.
   562 | D        | Noticed an entropy weaver
   562 | D        | Noticed a yaktaur captain
   562 | D        | Noticed an ironbound frostheart
   562 | D        | Noticed a vault guard
   562 | D        | Noticed an entropy weaver
   562 | D        | Noticed a vault guard
   562 | D        | Noticed a yaktaur
   563 | D        | Found a transporter.
   567 | D        | Slain by a vault guard

Illustrated notes

Levels and vault maps discovered:
D:        sprint_v [room_start, room_1, room_2, room_3, room_4, room_5, room_6,
          room_7, room_8, room_9, room_10, room_11, room_12, room_13, room_14,
          room_15, room_16, room_17, room_18, room_19, room_20, room_21,
          room_22, room_23, room_24, room_25, room_26, room_27]

Skill      XL: |  1  2  3  4  5  6  7  8  9 |
---------------+----------------------------+-----
Fighting       | 5 6 7 8 |  8.1
Short Blades   | 5 6 7 8 |  8.1
Long Blades    | 5 6 7 8 |  8.1
Axes           | 5 6 7 8 |  8.1
Maces & Flails | 5 6 7 8 |  8.1
Polearms       | 5 6 7 8 |  8.1
Staves         | 5 6 7 8 |  8.1
Slings         | 5 6 7 8 |  8.1
Bows           | 5 6 7 8 |  8.1
Crossbows      | 5 6 7 8 |  8.1
Throwing       | 5 6 7 8 |  8.1
Armour         | 5 6 7 8 |  8.1
Dodging        | 6 7 8 9 |  9.4
Stealth        | 6 7 8 9 |  9.2
Shields        | 5 6 7 8 |  8.1
Unarmed Combat | 5 6 7 8 |  8.1
Spellcasting   | 7 8 9 |  9.6
Conjurations   | 4 5 6 7 |  7.1
Hexes          | 4 5 6 |  6.7
Summonings     | 4 5 6 |  6.7
Necromancy     | 4 5 6 |  6.7
Translocations | 4 5 6 |  6.7
Transmutations | 4 5 6 |  6.7
Fire Magic     | 6 7 8 |  8.8
Ice Magic      | 4 5 6 |  6.7
Air Magic      | 4 5 6 |  6.7
Earth Magic    | 4 5 6 |  6.7
Poison Magic   | 4 5 6 |  6.7
Invocations    | 5 6 7 8 |  8.9
Evocations     | 5 6 7 8 |  8.1

Action                   |  1- 3 |  4- 6 |  7- 9 || total
-------------------------+-------+-------+-------++-------
Melee: Double sword      |     3 |     2 |    48 ||    53
       Bite              |     1 |       |     1 ||     2
Invok: Heroism           |       |       |     3 ||     3
  Use: Potion            |     2 |       |     2 ||     4
 Stab: Invisible         |       |       |     3 ||     3
       Sleeping          |       |       |     1 ||     1
Armor: Fire dragon scale |       |       |    20 ||    20
Dodge: Dodged            |     1 |       |     4 ||     5
Block: Kite shield       |     3 |     1 |    72 ||    76
       Rpst.: Double sword |       |       |     1 ||     1

Table legend: (Time is in decaauts)
 A = Elapsed time spent in this place.
 B = Non-inter-level travel time spent in this place.
 C = Inter-level travel time spent in this place.
 D = Time resting spent in this place.
 E = Time spent auto-exploring this place.
 F = Levels seen in this place.
 G = Mean time per level.
                   A        B        C        D        E       F      G
               +--------+--------+--------+--------+--------+-----+--------+
         Total |    546 |    546 |      0 |    351 |      0 |   1 |  546.0 |
       Dungeon |    546 |    546 |      0 |    351 |      0 |   1 |  546.0 |
               +--------+--------+--------+--------+--------+-----+--------+

Top non-repeatable levels by time:
       D: 546 daAuts
